 Dungeon Crawl Stone Soup version 0.31-a0-1405-g2bb1a01664 (webtiles) character file.

Game seed: 2268418756881483779

3404 rageheart7 the Fighter (level 9, -3/86 HPs)
             Began as a Grey Draconian Shapeshifter on Dec 25, 2023.
             Was an Elder of Okawaru.
             Slain by a death yak (10 damage)
             ... on level 7 of the Dungeon.
             The game lasted 00:13:21 (6874 turns).

rageheart7 the Fighter (DrSh)                       Turns: 6874, Time: 00:13:21

Health: -3/86      AC: 12    Str: 21    XL:     9   Next: 75%
Magic:  9/9        EV: 12    Int: 10    God:    Okawaru [****..]
Gold:   454        SH:  5    Dex: 11    Spells: 8/8 levels left

rFire   + . .        g - +2 whip (elec)
rCold   . . .        n - orb {*Rage}
rNeg    . . .        (body armour unavailable)
rPois   .            (helmet currently unavailable)
rElec   .            (cloak currently unavailable)
rCorr   .            (gloves currently unavailable)
SInv    +            (boots currently unavailable)
Will    .....        d - amulet of reflection
Stlth   +            A - ring of protection from fire
HPRegen 0.34/turn    D - ring of see invisible
MPRegen 0.11/turn

%: random rage (20%), reflection
@: beast-form, weak-willed, on berserk cooldown
A: beast (slay +1), AC +12, amphibious, unfitting armour, cold-blooded
a: Begin Untransformation, Renounce Religion, Heroism, Finesse


You were on level 7 of the Dungeon.
You worshipped Okawaru.
Okawaru was greatly pleased with you.
You were a hulking beast.
You visited 2 branches of the dungeon, and saw 9 of its levels.

You collected 454 gold pieces.

Inventory:

Hand Weapons
 g - a +2 whip of electrocution (weapon)
Missiles
 q - a throwing net
Armour
 n - an orb of wrath (worn)
 x - a scarf of invisibility
Jewellery
 d - an amulet of reflection (around neck)
 w - a ring of wizardry
 A - a ring of protection from fire (left hand)
 D - a ring of see invisible (right hand)
Talismans
 b - a beast talisman
 c - a flux talisman
Wands
 a - a wand of polymorph (9)
 B - a wand of roots (8)
Scrolls
 e - 2 scrolls of enchant armour
 f - a scroll of blinking {unknown}
 k - a scroll of teleportation
 m - 2 scrolls of immolation {unknown}
 o - 3 scrolls of fear {unknown}
 r - a scroll of vulnerability
 s - a scroll of fog
 u - a scroll of butterflies {unknown}
 v - 6 scrolls of identify
 y - a scroll of brand weapon {unknown}
 z - a scroll of torment {unknown}
 C - a scroll of enchant weapon {unknown}
Potions
 h - 3 potions of might
 i - 3 potions of curing
 j - a potion of ambrosia {unknown}
 l - 2 potions of haste
 p - 2 potions of enlightenment {unknown}
 t - 2 potions of heal wounds {unknown}
 E - a potion of brilliance


   Skills:
 * Level 10.8 Fighting
 - Level 1.7 Dodging
 * Level 10.3 Unarmed Combat
 - Level 3.0 Shapeshifting


You had 8 spell levels left.
You didn't know any spells.
Your spell library contained the following spells:

 Spells                   Type           Power      Damage    Failure   Level
 Necrotise                Necr           0%         1d4       36%         1
 Sublimation of Blood     Necr           0%         N/A       50%         2
 Vampiric Draining        Necr           0%         2d6       75%         3
 Olgreb's Toxic Radiance  Alch           0%         N/A       98%         4
 Petrify                  Alch/Erth      0%         N/A       98%         4
 Agony                    Necr           0%         N/A       100%        5
 Irradiate                Conj/Alch      0%         3d11      100%        5
 Ozocubu's Refrigeration  Ice            0%         4d7       100%        7
 Discord                  Hex            0%         N/A       100%        8
 Call Imp                 Summ           Unusable   N/A       N/A         2
 Summon Hydra             Summ           Unusable   N/A       N/A         7

Dungeon Overview and Level Annotations

Branches:
Dungeon (8/15)             Temple (1/1) D:4            Lair (0/5) D:8

Altars:
Ashenzari
Cheibriados
Dithmenos
Elyvilon
Gozag
Hepliaklqana
Kikubaaqudgha
Makhleb
Nemelex Xobeh
Okawaru
Qazlal
Ru
Trog
Uskayaw
Vehumet
Wu Jian
Yredelemnul
Zin

Shops:
D:2 [   D:4 *


Innate Abilities, Weirdness & Mutations

You are a hulking beast.
Your limbs bulge with bestial killing power. (Slay +1)
Your dull iron-grey scales are very hard. (AC +12)
You are amphibious.
You cannot fit into any form of body armour.
You are cold-blooded and may be slowed by cold attacks.


Message History

You feel your anger nearly subside.
You are no longer berserk.
You are exhausted.
You feel yourself slow down.
An orc comes into view.
It is wielding a +0 hand axe. 2 death yaks and a black bear come into view.
Found 14 gold pieces.
Found a staircase to the Lair.
The death yak bellows! x2; The black bear growls angrily.
You hear a loud squeak.
You hear a roar!
A hell rat comes into view.
An orc wizard comes into view. It is wielding a +0 dagger.
The death yak attacks as it pursues you!
The death yak misses you.
A death yak comes into view.
The death yak bellows!
The death yak attacks as it pursues you!
The death yak closely misses you. The death yak gores you!
There is a stone staircase leading up, spattered with blood here.
The death yak gores you! x2
You climb upwards.
There is a stone staircase leading down here.
As you read the scroll of teleportation, it crumbles to dust.
You feel strangely unstable.
The death yak gores you but does no damage.
The death yak gores you.
The death yak snorts and paws the ground.
The death yak gores you! The death yak closely misses you.
Your surroundings seem slightly different.
The death yak misses you.
You feel yourself speed up. The death yak gores you!!
* * * LOW HITPOINT WARNING * * *
The death yak attacks as it pursues you!
The death yak gores you!
* * * LOW HITPOINT WARNING * * *
As you read the scroll labelled WUDOYMNYAG, it crumbles to dust.
A wave of despondency washes over your surroundings.
It was a scroll of vulnerability.
The death yak barely misses you. The death yak gores you!
You die...

.##......#......##...YY#.......#
..'......#......+...##..########
..##...#####...##..>###'####
...#.#'#...#+#.##..........#
.#####.......####..........#
'###...........###.........#
...##.........####.........#
..............'.##.........#
#...##.......##.hY.........#
#...##.......##..Y...###...###
#...#####.####.....#...###...#
#.................####....##.#
#...###########...# ####....#
#...# #...# ###### #...# #...#
#...# ##### #...#


You could see 2 death yaks.

Vanquished Creatures
  Pikel (D:5)
  3 water moccasins
  3 black bears (D:6)
  2 ice beasts
  3 ogres
  A lemure (D:5)
  2 phantoms (D:6)
  A kobold brigand (D:7)
  3 scorpions
  5 bullfrogs
  2 howler monkeys (D:5)
  4 bombardier beetles
  4 hounds
  5 jellies
  3 orc priests
  2 gnoll boudas
  6 iguanas
  4 orc wizards
  15 gnolls
  7 adders
  A shadow imp (D:4)
  2 white imps (D:6)
  An ufetubus (D:6)
  2 worms
  A dart slug (D:1)
  18 orcs
  6 endoplasms
  5 giant cockroaches
  3 hobgoblins
  3 jackals (D:3)
  A quokka (D:2)
  4 ball pythons
  5 bats
  4 frilled lizards
  7 goblins
  14 kobolds
  5 rats
158 creatures vanquished.

Notes
Turn   | Place    | Note
-------+----------+-------------------------------------------
     0 | D:1      | rageheart7 the Draconian Shapeshifter began the quest for
                  | the Orb.
     0 | D:1      | Reached XP level 1. HP: 16/16 MP: 1/1
   148 | D:1      | Reached XP level 2. HP: 7/24 MP: 2/2
  1192 | D:2      | Reached XP level 3. HP: 30/30 MP: 3/3
  1561 | D:2      | Found an ornate altar of the Wu Jian Council.
  1620 | D:2      | Found Irypes's Antique Armour Emporium.
  2005 | D:3      | Reached XP level 4. HP: 30/38 MP: 4/4
  2463 | D:3      | Reached XP level 5. HP: 46/46 MP: 5/5
  2540 | D:3      | Found a bloodstained altar of Trog.
  2549 | D:3      | Found a glowing silver altar of Zin.
  2693 | D:4      | Noticed an ogre
  2699 | D:4      | Reached skill level 5 in Unarmed Combat
  2701 | D:4      | Killed an ogre
  2702 | D:4      | Reached XP level 6. HP: 55/55 MP: 6/6
  2703 | D:4      | Reached skill level 5 in Fighting
  2801 | D:4      | Found a staircase to the Ecumenical Temple.
  3093 | D:4      | Found Ympoen's General Store.
  3200 | Temple   | Entered the Ecumenical Temple
  3263 | Temple   | Became a worshipper of Warmaster Okawaru
  3598 | D:4      | Found a basalt altar of Yredelemnul.
  3670 | D:5      | Entered Level 5 of the Dungeon
  3678 | D:5      | Your scales start taking on a dull iron-grey colour.
  3678 | D:5      | Reached XP level 7. HP: 62/62 MP: 7/7
  3729 | D:5      | Found a hide-covered altar of Uskayaw.
  3736 | D:5      | Reached * piety under Okawaru
  3937 | D:5      | Noticed Pikel
  3961 | D:5      | Killed Pikel
  3961 | D:5      | Reached ** piety under Okawaru
  3962 | D:5      | Reached XP level 8. HP: 11/74 MP: 8/8
  4818 | D:6      | Reached *** piety under Okawaru
  4910 | D:6      | Reached XP level 9. HP: 83/83 MP: 9/9
  5434 | D:6      | Found a broken altar of Ashenzari.
  5747 | D:6      | Reached skill level 10 in Fighting
  6201 | D:7      | Reached skill level 10 in Unarmed Combat
  6392 | D:7      | Reached **** piety under Okawaru
  6851 | D:8      | Found a staircase to the Lair.
  6851 | D:8      | Noticed a death yak
  6851 | D:8      | Noticed a death yak
  6859 | D:8      | Noticed a death yak
  6874 | D:7      | Slain by a death yak

Illustrated notes

Levels and vault maps discovered:
D:1:      nicolae_arrival_somewhat_less_tricky_arrival, layout_basic
D:2:      layout_loops_corners, basic_altar, serial_shops,
          nicolae_shop_tiny_real_fake_doors
D:3:      layout_loops_cross, mainiacjoe_overflow_swirl, st_stairs_7, uniq_ijyb
D:4:      layout_loops_cross, mainiacjoe_overflow_alcove_4,
          minmay_temple_entry_purple_smoke, serial_glass, glass_columns_a,
          glass_columns_b, serial_shops, shop_statue
D:5:      layout_loops_ring, nicolae_uskayaw_dance_hall, nrook_mini_backslash,
          uniq_pikel
D:6:      minmay_thinvault, layout_loops_corners, kennysheep_mini_moat,
          hangedman_abyss_or_decor_stabs, minmay_fractal_squares_diagonal_5
D:7:      nicolae_cairo_tiling_very_big, layout_basic, dk_rats_in_the_wall
D:8:      layout_basic, lemuel_blue_sif_altar, dpeg_lair_monsters,
          eino_tiny_chamber, minmay_sticks_and_stones
Temple:   nicolae_temple_figure_eight

Skill      XL: |  1  2  3  4  5  6  7  8  9 |
---------------+----------------------------+-----
Fighting       | 2 3 4 5 8 9 10 | 10.8
Unarmed Combat | 4 5 6 7 8 10 | 10.3
Dodging        | |  1.7
Shapeshifting  | |  3.0

Action                     |  1- 3 |  4- 6 |  7- 9 || total
---------------------------+-------+-------+-------++-------
  Melee: Unarmed           |    19 |       |       ||    19
         Dagger            |    79 |       |       ||    79
         Tailslap          |     4 |     8 |    39 ||    51
         Hand axe          |     9 |    87 |    51 ||   147
         Punch             |     1 |       |       ||     1
         Whip              |       |       |   204 ||   204
    Use: Scroll            |     7 |       |     3 ||    10
         Potion            |       |       |     3 ||     3
   Stab: Sleeping          |       |       |     1 ||     1
         Distracted        |       |       |     1 ||     1
 Armour: Skin              |    45 |    53 |   232 ||   330
  Dodge: Dodged            |    61 |    53 |   217 ||   331

Table legend: (Time is in decaauts)
 A = Elapsed time spent in this place.
 B = Non-inter-level travel time spent in this place.
 C = Inter-level travel time spent in this place.
 D = Time resting spent in this place.
 E = Time spent auto-exploring this place.
 F = Levels seen in this place.
 G = Mean time per level.
                   A        B        C        D        E       F      G
               +--------+--------+--------+--------+--------+-----+--------+
         Total |   7243 |   6842 |    401 |    185 |   5260 |   9 |  804.8 |
       Dungeon |   7165 |   6778 |    387 |    185 |   5260 |   8 |  895.6 |
        Temple |     78 |     64 |     14 |      0 |      0 |   1 |   78.0 |
               +--------+--------+--------+--------+--------+-----+--------+

Top non-repeatable levels by time:
     D:6: 1245 daAuts
     D:1: 1131 daAuts
     D:7: 1071 daAuts
     D:5: 1067 daAuts
     D:4: 959 daAuts
     D:2: 856 daAuts
     D:3: 794 daAuts
  Temple: 78 daAuts
     D:8: 39 daAuts
